Map: 2000 Atmospheres LE

Players

ShoWTimE

  • Race: Protoss Protoss
  • League: Grandmaster

MaxPax - Winner!

  • Race: Protoss Protoss
  • League: Grandmaster

Event: DreamHack SC2 Masters 2021 Summer

VOD

Have the link to the VOD?

Description

Time

  • Played on: May 21, 2021, 10:56 a.m.
  • Length: 14:33

All games in this series

Show
View Real Time Build Order
Export as new Build Order

ShoWTimE Protoss 

Build Orders: Phoenix Opening 

Get SALT Encoding   

  12  0:00  Probe  
  13  0:12  Probe  
  14  0:17  Pylon  
  14  0:24  Probe  
  15  0:36  Probe (Chrono Boost), Gateway  
  16  0:45  Probe (Chrono Boost)  
  16  0:46  Assimilator  
  17  0:50  Probe (Chrono Boost)  
  17  0:55  Assimilator  
  18  1:03  Probe (Chrono Boost)  
  19  1:08  Gateway  
  19  1:13  Probe (Chrono Boost)  
  19  1:18  Probe (Chrono Boost)  
  20  1:23  Cybernetics Core  
  21  1:29  Probe  
  22  1:35  Pylon  
  22  1:41  Probe  
  23  1:53  Probe  
  23  1:54  Pylon  
  24  2:00  Adept  
  24  2:01  Adept  
  28  2:02  Warp Gate (Chrono Boost)  
  28  2:16  Cybernetics Core  
  28  2:22  Pylon  
  28  2:25  Probe  
  30  2:37  Sentry  
  30  2:38  Probe  
  30  2:40  Sentry  
  33  2:52  Nexus  
  33  2:55  Probe  
  34  3:07  Shield Battery, Pylon  
  34  3:10  Probe (Chrono Boost)  
  35  3:14  Phoenix  
  37  3:23  Probe (Chrono Boost)  
  36  3:31  Probe (Chrono Boost)  
  36  3:33  Shield Battery  
  37  3:35  Shield Battery  
  37  3:37  Probe  
  38  3:43  Stalker  
  38  3:44  Stalker  
  42  3:49  Probe  
  43  4:01  Probe  
  44  4:07  Stalker x2  
  48  4:11  Probe  
  48  4:13  Probe  
  46  4:23  Probe  
  41  4:25  Probe  
  40  4:34  Stalker x2  
  40  4:35  Probe  
  40  4:37  Probe (Chrono Boost)  
  40  4:47  Twilight Council  
  40  4:49  Probe (Chrono Boost)  
  40  4:53  Probe (Chrono Boost)  
  40  4:58  Probe (Chrono Boost)  
  39  5:01  Probe (Chrono Boost)  
  39  5:04  Stalker x2  
  45  5:07  Probe (Chrono Boost)  
  45  5:12  Probe (Chrono Boost)  
  46  5:14  Robotics Facility  
  46  5:19  Probe x2 (Chrono Boost)  
  48  5:26  Dark Shrine  
  48  5:28  Probe  
  49  5:29  Probe  
  49  5:31  Pylon  
  49  5:42  Probe x2 (Chrono Boost), Blink  
  50  5:47  Pylon  
  50  5:54  Probe (Chrono Boost)  
  50  5:55  Shield Battery  
  52  5:57  Probe (Chrono Boost)  
  52  5:58  Pylon  
  52  6:00  Probe (Chrono Boost)  
  52  6:02  Warp Prism (Chrono Boost)  
  54  6:19  Nexus  
  54  6:28  Probe x2  
  54  6:30  Assimilator  
  54  6:32  Observer  
  57  6:35  Gateway  
  57  6:38  Dark Templar  
  57  6:39  Dark Templar  
  61  6:43  Probe x2  
  63  6:49  Gateway  
  63  6:56  Gateway  
  63  6:58  Gateway  
  63  7:02  Immortal (Chrono Boost)  
  67  7:13  Stalker x2  
  71  7:17  Pylon  
  71  7:21  Pylon  
  71  7:26  Probe  
  66  7:30  Probe  
  66  7:34  Observer (Chrono Boost)  
  62  7:39  Stalker x2  
  62  7:41  Probe  
  62  7:43  Probe  
  63  7:45  Probe  
  60  7:54  Probe  
  60  7:55  Observer (Chrono Boost), Probe  
  60  7:57  Probe  
  60  8:01  Stalker  
  56  8:06  Probe  
  56  8:07  Probe, Stalker  
  56  8:08  Zealot  
  56  8:09  Probe  
  62  8:23  Pylon  
  62  8:24  Stalker  
  60  8:30  Stalker  
  60  8:31  Zealot x3  
  66  8:35  Probe  
  66  8:38  Probe  
  66  8:39  Probe  
  68  8:42  Stalker  
  66  8:51  Assimilator  
  66  8:52  Stalker  
  66  8:53  Zealot  
  68  9:11  Pylon, Dark Templar  
  68  9:14  Zealot x3  
  73  9:20  Stalker  
  73  9:23  Probe  
  73  9:26  Probe  
  73  9:29  Probe  
  75  9:35  Probe  
  75  9:37  Observer  
  77  9:38  Probe  
  77  9:42  Forge  
  77  9:44  Probe  
  79  9:49  Shield Battery  
  79  9:52  Probe  
  80  9:53  Pylon  
  80  9:56  Probe x2, Charge (Chrono Boost)  
  82  10:02  Protoss Ground Weapons Level 1 (Chrono Boost)  
  82  10:03  Warp Prism (Chrono Boost)  
  84  10:09  Sentry  
  86  10:14  Zealot x2  
  86  10:15  Zealot  
  92  10:21  Zealot  
  92  10:27  Zealot  
  96  10:28  Phoenix  
  96  10:36  Pylon  
  96  10:40  Dark Templar  
  96  10:41  Gateway  
  98  10:43  Gateway  
  98  10:45  Archon  
  98  10:49  Nexus  
  98  10:53  Immortal (Chrono Boost)  
  102  10:59  Zealot  
  102  11:00  Zealot  
  106  11:05  Probe x3  
  109  11:13  Templar Archives  
  109  11:17  Stalker x2  
  113  11:23  Shield Battery x2  
  113  11:25  Sentry  
  115  11:26  Pylon  
  115  11:31  Zealot x3  
  121  11:37  Pylon, Sentry  
  121  11:39  Observer  
  123  11:50  Zealot x4  
  129  11:56  Probe  
  129  11:57  Probe  
  131  12:02  High Templar x2, Zealot  
  131  12:03  Zealot  
  131  12:04  Probe  
  131  12:06  Archon  
  140  12:09  Probe  
  140  12:10  Probe  
  140  12:12  Zealot x2  
  132  12:32  Zealot x4  
  132  12:33  High Templar x2  
  132  12:34  Zealot  
  132  12:35  Zealot  
  146  12:39  Archon  
  146  12:41  Pylon  
  146  12:42  Probe x3  
  146  12:43  Probe, Pylon  
  150  12:52  Zealot x3  
  150  12:56  Pylon  
  156  12:59  Shield Battery  
  156  13:03  Zealot x3  
  160  13:13  Zealot x5  
  160  13:19  Pylon  
  169  13:20  Observer, Pylon  
  169  13:22  Pylon  
  168  13:31  Zealot x2  
  168  13:32  Zealot  
  144  13:37  Zealot x5  
  132  13:43  Observer (Chrono Boost)  
  111  13:54  Stalker x3  
  100  13:59  Zealot x4  
  100  14:10  Zealot  
Show
View Real Time Build Order
Export as new Build Order

MaxPax Protoss - Winner!

Build Orders: Oracle Opening 

Get SALT Encoding   

  12  0:00  Probe  
  13  0:12  Probe  
  14  0:19  Pylon  
  14  0:24  Probe  
  15  0:37  Probe (Chrono Boost)  
  15  0:38  Gateway  
  16  0:47  Assimilator  
  16  0:48  Probe (Chrono Boost)  
  17  0:52  Probe (Chrono Boost)  
  17  0:55  Assimilator  
  18  1:03  Probe (Chrono Boost)  
  19  1:05  Pylon  
  19  1:14  Probe (Chrono Boost)  
  20  1:19  Probe (Chrono Boost)  
  21  1:25  Cybernetics Core  
  21  1:29  Probe  
  24  1:32  Zealot  
  24  1:41  Probe  
  25  1:54  Probe  
  26  2:02  Adept (Chrono Boost)  
  26  2:03  Warp Gate  
  26  2:06  Probe  
  26  2:07  Pylon  
  29  2:14  Pylon  
  29  2:18  Probe  
  29  2:20  Stargate  
  30  2:27  Stalker  
  32  2:32  Probe  
  33  2:37  Shield Battery  
  33  2:53  Shield Battery  
  32  2:59  Void Ray  
  32  3:01  Stalker  
  38  3:16  Shield Battery  
  38  3:26  Shield Battery  
  38  3:31  Nexus  
  38  3:37  Probe  
  39  3:42  Oracle (Chrono Boost)  
  42  3:52  Pylon  
  42  3:58  Twilight Council  
  42  4:10  Probe  
  43  4:22  Probe  
  42  4:27  Oracle (Chrono Boost)  
  43  4:34  Probe  
  44  4:38  Gateway  
  44  4:44  Probe  
  39  4:46  Probe  
  39  4:52  Blink (Chrono Boost)  
  40  4:56  Probe  
  40  4:58  Probe  
  40  4:59  Stalker  
  44  5:07  Forge  
  44  5:08  Probe  
  44  5:10  Probe  
  46  5:17  Gateway  
  46  5:18  Assimilator  
  46  5:20  Probe  
  47  5:22  Probe  
  47  5:27  Pylon  
  48  5:33  Probe  
  48  5:34  Probe  
  50  5:36  Dark Shrine  
  47  5:44  Stalker  
  47  5:45  Probe  
  47  5:46  Stalker  
  52  5:50  Probe  
  53  6:05  Nexus  
  53  6:06  Probe, Pylon  
  54  6:12  Protoss Ground Weapons Level 1 (Chrono Boost)  
  54  6:16  Stalker x2  
  54  6:18  Probe  
  59  6:19  Probe  
  59  6:24  Stalker  
  62  6:30  Probe  
  62  6:31  Probe  
  64  6:39  Pylon  
  64  6:40  Stalker x2  
  64  6:44  Probe  
  64  6:46  Probe  
  70  6:50  Stalker  
  70  6:53  Gateway  
  72  6:56  Probe  
  72  6:58  Probe  
  74  7:01  Dark Templar  
  76  7:08  Probe  
  76  7:10  Probe  
  70  7:18  Stalker x2  
  70  7:19  Photon Cannon  
  70  7:20  Probe  
  70  7:22  Probe  
  76  7:28  Probe  
  72  7:32  Probe  
  72  7:34  Probe  
  71  7:38  Stalker  
  71  7:42  Probe  
  69  7:44  Probe  
  69  7:46  Probe  
  68  7:55  Probe  
  66  8:01  Probe  
  65  8:05  Probe  
  66  8:15  Stalker x3  
  66  8:16  Probe  
  69  8:22  Probe  
  69  8:24  Probe, Photon Cannon, Pylon  
  71  8:28  Probe  
  72  8:41  Stalker x2  
  72  8:44  Pylon x2  
  74  8:50  Probe  
  74  8:52  Probe  
  74  8:54  Probe  
  75  9:00  Gateway  
  75  9:02  Probe, Photon Cannon  
  76  9:04  Probe  
  76  9:06  Probe  
  76  9:13  Stalker x3  
  76  9:14  Probe  
  76  9:16  Probe  
  82  9:27  Robotics Facility  
  82  9:30  Pylon  
  81  9:31  Stalker  
  81  9:34  Probe x3  
  81  9:36  Charge (Chrono Boost)  
  83  9:41  Shield Battery  
  83  9:44  Gateway, Zealot x3  
  89  9:46  Probe x2  
  89  9:47  Gateway, Pylon  
  89  9:50  Gateway  
  91  9:52  Pylon  
  91  9:55  Photon Cannon  
  91  10:00  Assimilator, Stalker x2  
  91  10:04  Protoss Ground Weapons Level 2 (Chrono Boost)  
  97  10:09  Shield Battery  
  97  10:15  Zealot x3  
  100  10:21  Observer (Chrono Boost)  
  101  10:32  Gateway  
  101  10:35  Dark Templar  
  103  10:37  Warp Prism (Chrono Boost)  
  103  10:38  Gateway  
  103  10:39  Zealot x5  
  115  10:43  Pylon  
  115  10:51  Nexus  
  115  11:01  Dark Templar x2  
  115  11:02  Zealot x2  
  123  11:07  Archon  
  123  11:08  Observer (Chrono Boost)  
  123  11:10  Zealot x2  
  128  11:11  Zealot  
  130  11:22  Zealot  
  132  11:28  Dark Templar  
  132  11:29  Zealot, Dark Templar  
  132  11:32  Photon Cannon, Pylon  
  138  11:34  Archon  
  138  11:36  Pylon  
  138  11:38  Zealot x3  
  142  11:49  Observer  
  142  11:53  Dark Templar x2  
  146  11:54  Zealot x3  
  146  11:57  Archon  
  146  11:58  Zealot x2  
  154  12:11  Zealot x3  
  160  12:22  Dark Templar  
  156  12:23  Dark Templar  
  156  12:25  Zealot x5  
  164  12:32  Archon  
  164  12:33  Probe x2  
  164  12:35  Probe, Photon Cannon  
  164  12:36  Probe  
  166  12:53  Zealot x7  
  180  12:59  Pylon, Robotics Bay  
  180  13:12  Pylon  
  180  13:15  Assimilator x2  
  180  13:17  Immortal (Chrono Boost)  
  180  13:31  Dark Templar x3  
  180  13:33  Zealot x6  
  180  13:34  Zealot  
  120  14:00  Disruptor (Chrono Boost), Zealot x7  
  127  14:05  Zealot x3  
  109  14:18  Probe x3  
  109  14:19  Probe  
Tags
 
Add a new tag
Caveats
  • Supply blocks, unpowered buildings, or Contaminate may cause inaccurate times.
  • Supply counts are checked every 10 seconds.